 Dungeon Crawl Stone Soup version 0.26.1-11-gd32895ea62 (webtiles) character file.

Game seed: 2279390336350847902

198556 Polar the Blocker (level 18, -2/216 HPs)
             Began as a Gnoll Fighter on June 12, 2021.
             Was the Champion of Zin.
             Slain by a water elemental (5 damage)
             ... on level 1 of the Shoals.
             The game lasted 02:09:20 (44875 turns).

Polar the Blocker (Gnoll Fighter)                  Turns: 44875, Time: 02:09:22

Health: -2/216     AC: 27    Str: 28 (29) XL:     18   Next: 44%
Magic:  34/34      EV: 17    Int: 15      God:    Zin [******]
Gold:   3034       SH: 16    Dex: 32 (34) Spells: 39/41 levels left

rFire    . . .     SeeInvis +   T - +9 trident of the Bruised Ultimatums {freeze, Dex+4 SInv Stlth+}
rCold    . . .     Faith    .   c - +0 kite shield
rNeg     . . .     Spirit   .   q - +4 chain mail {rPois}
rPois    ∞         Reflect  .   u - +0 helmet
rElec    .         Harm     .   l - +0 cloak {Stlth+}
rCorr    .         Rampage  .   W - +2 pair of gloves {archery}
Will     +++..                  Q - +2 pair of boots
Stlth    ..........             a - amulet of regeneration
HPRegen  0.86/turn              w - +6 ring of dexterity
MPRegen  0.24/turn              X - ring of Trepidation {Will++ EV-4 Dex+4 Stlth+}

@: berserking, vitalised, engulfed (cannot breathe), very quick
A: distributed training, fangs 1, strong nose
}: 1/15 runes: gossamer
a: Renounce Religion, Recite, Vitalisation, Imprison, Sanctuary, Donate Gold


You were on level 1 of the Shoals.
You worshipped Zin.
Zin was exalted by your worship.
You visited 6 branches of the dungeon, and saw 29 of its levels.
You also visited: Gauntlet, Ice Cave and Volcano.

You collected 3670 gold pieces.
You spent 420 gold pieces at shops.
You donated 216 gold pieces to Zin.

Inventory:

Hand Weapons
 T - the +9 trident of the Bruised Ultimatums (weapon) {freeze, Dex+4 SInv Stlth+}
   (You found it on level 11 of the Dungeon)

   It has been specially enchanted to freeze those struck by it, causing extra
   injury to most foes and up to half again as much damage against particularly
   susceptible opponents.
   It can also slow down cold-blooded creatures.
   It affects your dexterity (+4).
   It lets you see invisible.
   It makes you more stealthy.
Missiles
 b - 5 silver javelins
 n - 16 poisoned darts
 o - 19 javelins (quivered)
 B - 5 atropa-tipped darts
Armour
 c - a +0 kite shield (worn)
 l - a +0 cloak of stealth (worn)
 q - a +4 chain mail of poison resistance (worn)
 u - a +0 helmet (worn)
 Q - a +2 pair of boots (worn)
 R - the +1 plate armour of Tulips {rF++ Dex-2}
   (You found it on level 10 of the Dungeon)

   It affects your dexterity (-2).
   It greatly protects you from fire.
 W - a +2 pair of gloves of archery (worn)
Jewellery
 a - an amulet of regeneration (around neck)
 w - a +6 ring of dexterity (left hand)
 y - an uncursed ring of wizardry
 F - an uncursed ring of positive energy
 N - an uncursed ring of resist corrosion
 X - the ring of Trepidation (right hand) {Will++ EV-4 Dex+4 Stlth+}
   (You found it in an ice cave)

   [ring of evasion]

   It affects your evasion (-4).
   It affects your dexterity (+4).
   It affects your willpower, your defense against some magical effects.
   It makes you more stealthy.
 Y - an uncursed ring of protection from cold
Wands
 A - a wand of flame (66)
 D - a wand of acid (38)
 E - a wand of paralysis (10)
 M - a wand of digging (28)
 P - a wand of disintegration (19)
 S - a wand of iceblast (17)
Scrolls
 f - 5 scrolls of immolation
 i - 5 scrolls of amnesia
 j - 8 scrolls of remove curse
 k - 4 scrolls of blinking
 p - 13 scrolls of teleportation
 x - 4 scrolls of fear
 G - 3 scrolls of enchant armour
 I - 4 scrolls of vulnerability
 J - 4 scrolls of identify
 K - 5 scrolls of fog
 L - 5 scrolls of enchant weapon
 Z - a scroll of acquirement
Potions
 d - 3 potions of brilliance
 e - 4 potions of invisibility
 g - 2 potions of berserk rage
 h - 4 potions of resistance
 m - a potion of magic
 r - 2 potions of cancellation
 s - 2 potions of curing
 t - 4 potions of might
 v - 2 potions of flight
 H - 2 potions of haste
 O - 2 potions of mutation
 V - 14 potions of ambrosia
Miscellaneous
 U - a lightning rod (4/4)


   Skills:
 + Level 13.5 Fighting
 + Level 12.1 Short Blades
 + Level 12.1 Long Blades
 + Level 12.9 Axes
 + Level 12.1 Maces & Flails
 + Level 12.1 Polearms
 + Level 12.1 Staves
 + Level 12.1 Slings
 + Level 12.1 Bows
 + Level 12.1 Crossbows
 + Level 12.1 Throwing
 + Level 13.5 Armour
 + Level 12.1 Dodging
 + Level 12.1 Stealth
 + Level 13.5 Shields
 + Level 12.1 Unarmed Combat
 + Level 12.1 Spellcasting
 + Level 10.4 Conjurations
 + Level 10.4 Hexes
 + Level 10.4 Summonings
 + Level 10.4 Necromancy
 + Level 10.4 Translocations
 + Level 10.4 Transmutations
 + Level 10.4 Fire Magic
 + Level 10.4 Ice Magic
 + Level 10.4 Air Magic
 + Level 10.4 Earth Magic
 + Level 10.4 Poison Magic
 + Level 13.1 Invocations
 + Level 12.1 Evocations


You had 39 spell levels left.
You knew the following spells:

 Your Spells              Type           Power        Failure   Level
a - Passwall              Tmut/Erth      33%          1%          2

Your spell library contained the following spells:

 Spells                   Type           Power        Failure   Level
 Freeze                   Ice            100%         1%          1
 Sandblast                Erth           80%          1%          1
 Frozen Ramparts          Ice            80%          1%          3
 Ozocubu's Armour         Ice            40%          1%          3
 Stone Arrow              Conj/Erth      80%          1%          3
 Hailstorm                Conj/Ice       40%          4%          4
 Petrify                  Tmut/Erth      40%          4%          4
 Summon Ice Beast         Ice/Summ       40%          4%          4
 Lee's Rapid Deconstruct  Erth           20%          14%         5


Dungeon Overview and Level Annotations

Branches:
Dungeon (15/15)            Temple (1/1) D:5            Lair (6/6) D:11
 Shoals (1/4) Lair:3       Spider (4/4) Lair:3        Slime (0/5) Lair:5
    Orc (2/2) D:11            Elf (0/3) Orc:2        Depths (0/5) D:15
  IceCv (visited)         Volcano (visited)         Gauntlet (visited)
 Vaults: D:13-14

Altars:
Ashenzari
Cheibriados
Dithmenos
Elyvilon
Fedhas
Gozag
Hepliaklqana
Kikubaaqudgha
Makhleb
Nemelex Xobeh
Okawaru
Qazlal
Ru
Sif Muna
Trog
Uskayaw
Vehumet
Wu Jian
Xom
Yredelemnul
Zin
The Shining One
Jiyva

Shops:
D:4 [   D:6 (   D:7 *   D:8 }   Orc:2 ?}[!:

Annotations:
D:14 3 runed translucent doors, vvl's ghost, journeyman HOBe


Innate Abilities, Weirdness & Mutations

Your experience applies equally to all skills.
You have very sharp teeth.
Your uncanny sense of smell can sniff out nearby items.


Message History

The sea snake bites you!
* * * LOW HITPOINT WARNING * * *
Okay, then.
Okay, then.
A red film seems to cover your vision as you go berserk!
You feel yourself moving faster!
You feel mighty!
* * * LOW HITPOINT WARNING * * *
Your lungs strain for air!
The manticore flicks its tail.
The volley of spikes hits you but does no damage.
The water elemental closely misses you. You block the merfolk's attack.
The water elemental hits you!
* * * LOW HITPOINT WARNING * * *
You impale the water elemental!! You freeze the water elemental!
The water elemental is almost destroyed.
* * * LOW HITPOINT WARNING * * *
Your lungs strain for air!
The sea snake bites you but does no damage.
The water elemental hits you.
You die...

.....≈≈ . #..... P
..###..... ≈≈≈≈≈≈ .
≈≈....... ....≈≈≈ .
....... .....≈≈≈ #.H..#
##.....≈≈.≈ P
#....###...≈..≈≈.≈ P
#...@E.#........≈≈ P
##..E.S......#...≈≈≈≈≈ .
.....m≈≈≈......#..≈≈≈≈..
.
......≈≈≈≈.........≈≈≈≈.
.
......≈≈≈.)....##..≈≈.≈≈
≈
.##...≈≈≈..........≈≈≈≈≈
.
.....≈..........≈≈≈≈≈≈≈
.
.................≈≈≈≈≈≈
#
≈..≈.......≈......≈≈≈≈≈


You could see a sea snake (slow), a merfolk, a manticore and 2 water elementals.

Vanquished Creatures
  Arachne (Spider:2)
  Kirke (Lair:5)
  A fire giant (D:15)
  4 ghost moths (Spider:4)
  A frost giant (IceCv)
  5 emperor scorpions
  3 entropy weavers
  A minotaur (Gauntlet)
  A dire elephant (Lair:6)
  2 spark wasps
  A red draconian (Volcano)
  2 merfolk impalers (Shoals:1)
  2 ettins (Orc:2)
  12 hydras
  5 centaur warriors
  3 boulder beetles
  5 two-headed ogres
  A catoblepas (Lair:6)
  2 merfolk aquamancers (Shoals:1)
  2 death scarabs (Gauntlet)
  A deep troll shaman (Lair:6)
  A tengu warrior (Gauntlet)
  12 death yaks
  The ghost of Descartes the Grappler, a novice TrCK of Xom (D:8)
  5 orc high priests
  A deep elf knight (D:13)
  A spectral death yak (Gauntlet)
  A salamander mystic (Volcano)
  3 unseen horrors
  A wizard (D:14)
  8 orc knights
  A spectral hydra (Gauntlet)
  A wolf spider zombie (D:15)
  15 orb spiders
  A deep elf mage (D:12)
  3 fauns (Shoals:1)
  3 ugly things
  28 wolf spiders
  A moth of wrath (Spider:4)
  4 cyclopes
  4 salamanders (Volcano)
  Maurice (D:10)
  A manticore (Shoals:1)
  3 black mambas
  3 merfolk sirens (Shoals:1)
  An ice statue (IceCv)
  14 elephants
  6 centaur skeletons
  3 gargoyles
  3 torpor snails
  8 rime drakes
  18 cane toads
  13 komodo dragons
  2 efreet (D:15)
  12 demonic crawlers
  2 ice devils (D:14)
  2 tengu conjurers (Gauntlet)
  A queen bee (Lair:6)
  7 trolls
  3 meliai (Lair:6)
  33 jumping spiders
  2 wind drakes (Shoals:1)
  15 polar bears
  9 merfolk (Shoals:1)
  Grinder (D:5)
  15 blink frogs
  A tyrant leech (Lair:2)
  5 hornets
  A harpy skeleton (D:14)
  9 dream sheep
  A snapping turtle (Shoals:1)
  13 slime creatures
  9 wyverns
  2 centaur simulacra
  26 tarantellas
  2 vampires
  2 shadows
  85 redbacks
  10 water elementals
  68 yaks
  4 hogs (Lair:5)
  12 basilisks
  2 steam dragons
  2 vampire mosquitoes (D:14)
  Menkaure (D:5)
  2 swamp worms (Lair:2)
  An acid dragon (D:14)
  6 wargs
  2 soldier ants
  13 water moccasins
  A hell hound (Lair:5)
  Duvessa (D:7)
  A sky beast (D:9)
  3 ice beasts
  3 black bears
  3 eyes of draining
  9 ogres
  40 orc warriors
  A necrophage (D:10)
  19 centaurs
  40 wolves
  3 big kobolds
  23 bullfrogs
  A wyvern zombie (D:12)
  Dowan (D:7)
  A water moccasin zombie (D:5)
  2 scorpions
  6 wights
  33 killer bees
  14 electric eels
  2 howler monkeys
  5 centaur zombies
  6 hounds
  Crazy Yiuf (D:5)
  2 bullfrog zombies
  A quasit (D:8)
  2 wyvern simulacra (Gauntlet)
  5 jellies
  39 orc priests
  An iguana (D:6)
  20 orc wizards
  A bullfrog skeleton (D:4)
  5 hell rats (Lair:5)
  12 worker ants
  A bullfrog simulacrum (Gauntlet)
  A hound zombie (D:6)
  Robin (D:2)
  A worker ant zombie (D:8)
  A howler monkey skeleton (D:4)
  6 adders
  2 shadow imps
  A white imp (D:6)
  2 ufetubi
  An ooze (D:2)
  3 adder skeletons
  An adder zombie (D:8)
  3 worms
  2 dart slugs (D:2)
  6 leopard geckos
  107 orcs
  A ball python (D:1)
  5 giant cockroaches
  7 goblins
  11 hobgoblins
  4 jackals (D:5)
  26 kobolds
  5 quokkas
  A ball python zombie (D:5)
  5 bats
  7 frilled lizards
  A jackal zombie (D:9)
  A quokka zombie (D:8)
  6 rats
  A fire vortex (Lair:2)
1135 creatures vanquished.

Vanquished Creatures (others)
  2 jumping spiders (Spider:4)
  2 humans (Lair:5)
  4 wolves (IceCv)
  An orc (Orc:1)
  4 bushes (Lair:6)
  14 demonic plants (Gauntlet)
  23 fungi
  177 plants
  2 withered plants (Gauntlet)
229 creatures vanquished.

Grand Total: 1364 creatures vanquished

Notes
Turn   | Place    | Note
-------+----------+-------------------------------------------
     0 | D:1      | Polar the Gnoll Fighter began the quest for the Orb.
     0 | D:1      | Reached XP level 1. HP: 23/23 MP: 1/1
   164 | D:1      | Reached XP level 2. HP: 29/29 MP: 2/2
  1049 | D:2      | Noticed Robin
  1055 | D:2      | Reached XP level 3. HP: 21/35 MP: 3/3
  1064 | D:2      | Reached skill level 1 in Invocations
  1065 | D:2      | Killed Robin
  1068 | D:2      | Reached skill level 1 in Short Blades
  1068 | D:2      | Reached skill level 1 in Long Blades
  1068 | D:2      | Reached skill level 1 in Maces & Flails
  1068 | D:2      | Reached skill level 1 in Polearms
  1068 | D:2      | Reached skill level 1 in Staves
  1068 | D:2      | Reached skill level 1 in Slings
  1068 | D:2      | Reached skill level 1 in Bows
  1068 | D:2      | Reached skill level 1 in Crossbows
  1068 | D:2      | Reached skill level 1 in Throwing
  1068 | D:2      | Reached skill level 1 in Dodging
  1068 | D:2      | Reached skill level 1 in Stealth
  1068 | D:2      | Reached skill level 1 in Unarmed Combat
  1068 | D:2      | Reached skill level 1 in Spellcasting
  1068 | D:2      | Reached skill level 1 in Evocations
  1564 | D:2      | Reached XP level 4. HP: 41/41 MP: 5/5
  1604 | D:2      | Found a sacrificial altar of Ru.
  2741 | D:4      | Reached skill level 1 in Conjurations
  2741 | D:4      | Reached skill level 1 in Hexes
  2741 | D:4      | Reached skill level 1 in Summonings
  2741 | D:4      | Reached skill level 1 in Necromancy
  2741 | D:4      | Reached skill level 1 in Translocations
  2741 | D:4      | Reached skill level 1 in Transmutations
  2741 | D:4      | Reached skill level 1 in Fire Magic
  2741 | D:4      | Reached skill level 1 in Ice Magic
  2741 | D:4      | Reached skill level 1 in Air Magic
  2741 | D:4      | Reached skill level 1 in Earth Magic
  2741 | D:4      | Reached skill level 1 in Poison Magic
  2967 | D:4      | Found Osyilluco's Antique Armour Shop.
  3011 | D:4      | Reached XP level 5. HP: 47/47 MP: 5/7
  3315 | D:4      | Reached XP level 6. HP: 40/53 MP: 8/8
  3414 | D:4      | Noticed a +0 hand axe
  3415 | D:4      | Found a hide-covered altar of Uskayaw.
  3415 | D:4      | Noticed a +0 dagger
  3601 | D:4      | Reached skill level 5 in Axes
  4289 | D:5      | Entered Level 5 of the Dungeon
  4589 | D:5      | Reached XP level 7. HP: 59/59 MP: 10/10
  4591 | D:5      | Found an iron altar of Okawaru.
  4599 | D:5      | Noticed Grinder
  4609 | D:5      | Paralysed by Grinder for 4 turns
  4627 | D:5      | Killed Grinder
  4799 | D:5      | Noticed Menkaure
  5321 | D:6      | Reached XP level 8. HP: 63/67 MP: 12/12
  5631 | D:6      | Found Akodypt's Weapon Boutique.
  5845 | D:6      | Found a sparkling altar of Nemelex Xobeh.
  5988 | D:5      | Killed Menkaure
  6140 | D:5      | Found a staircase to the Ecumenical Temple.
  6235 | Temple   | Entered the Ecumenical Temple
  6243 | Temple   | Became a worshipper of Zin the Law-Giver
  6243 | Temple   | Reached * piety under Zin
  6472 | D:5      | Noticed a two-headed ogre
  6486 | D:5      | Killed a two-headed ogre
  6487 | D:5      | Reached XP level 9. HP: 31/74 MP: 9/15
  6703 | D:5      | Found a runed translucent door.
  6704 | D:5      | Noticed Crazy Yiuf
  6880 | D:5      | Killed Crazy Yiuf
  7149 | D:7      | Reached ** piety under Zin
  7183 | D:7      | Noticed Duvessa
  7191 | D:7      | Noticed Dowan
  7333 | D:7      | Killed Dowan
  7342 | D:7      | Killed Duvessa
  7343 | D:7      | Reached skill level 5 in Invocations
  7671 | D:7      | Found Dacugguyh's General Store.
  8245 | D:8      | Found a radiant altar of Vehumet.
  8278 | D:8      | Found an opulent altar of Gozag.
  8344 | D:8      | Noticed a two-headed ogre
  8359 | D:8      | Killed a two-headed ogre
  8360 | D:8      | Reached skill level 5 in Short Blades
  8360 | D:8      | Reached skill level 5 in Long Blades
  8360 | D:8      | Reached skill level 5 in Maces & Flails
  8360 | D:8      | Reached skill level 5 in Polearms
  8360 | D:8      | Reached skill level 5 in Staves
  8360 | D:8      | Reached skill level 5 in Slings
  8360 | D:8      | Reached skill level 5 in Bows
  8360 | D:8      | Reached skill level 5 in Crossbows
  8360 | D:8      | Reached skill level 5 in Throwing
  8360 | D:8      | Reached skill level 5 in Dodging
  8360 | D:8      | Reached skill level 5 in Stealth
  8360 | D:8      | Reached skill level 5 in Unarmed Combat
  8360 | D:8      | Reached skill level 5 in Spellcasting
  8360 | D:8      | Reached skill level 5 in Evocations
  8360 | D:8      | Reached XP level 10. HP: 77/81 MP: 17/17
  8380 | D:8      | Found Hajeapn's Gadget Emporium.
  8388 | D:8      | Reached *** piety under Zin
  8658 | D:8      | Reached **** piety under Zin
  9013 | D:8      | Found a runed translucent door.
  9013 | D:8      | Noticed Descartes's ghost (novice TrCK)
 10138 | D:9      | Noticed a two-headed ogre
 10149 | D:9      | Killed a two-headed ogre
 10557 | D:9      | Found a white marble altar of Elyvilon.
 11016 | D:10     | Entered Level 10 of the Dungeon
 11125 | D:10     | Reached ***** piety under Zin
 11170 | D:10     | Reached XP level 11. HP: 87/87 MP: 19/19
 11193 | D:10     | Noticed Maurice
 11200 | D:10     | Paralysed by Maurice for 3 turns
 11215 | D:10     | Paralysed by something for 5 turns
 11223 | D:10     | Paralysed by something for 6 turns
 11239 | D:10     | Paralysed by Maurice for 2 turns
 11648 | D:10     | Killed Maurice
 11649 | D:10     | Reached skill level 5 in Conjurations
 11649 | D:10     | Reached skill level 5 in Hexes
 11649 | D:10     | Reached skill level 5 in Summonings
 11649 | D:10     | Reached skill level 5 in Necromancy
 11649 | D:10     | Reached skill level 5 in Translocations
 11649 | D:10     | Reached skill level 5 in Transmutations
 11649 | D:10     | Reached skill level 5 in Fire Magic
 11649 | D:10     | Reached skill level 5 in Ice Magic
 11649 | D:10     | Reached skill level 5 in Air Magic
 11649 | D:10     | Reached skill level 5 in Earth Magic
 11649 | D:10     | Reached skill level 5 in Poison Magic
 12248 | D:10     | Got a dazzling plate armour
 12259 | D:10     | Identified the +1 plate armour of Tulips {rF++ Dex-2} (You
                  | found it on level 10 of the Dungeon)
 12556 | D:11     | Found a staircase to the Orcish Mines.
 13174 | D:11     | Found a staircase to the Lair.
 13311 | D:11     | Noticed a five-headed hydra
 13321 | D:11     | Killed a five-headed hydra
 13636 | D:11     | Reached ****** piety under Zin
 14282 | D:11     | Got a fine trident
 14283 | D:11     | Identified the +9 trident of the Bruised Ultimatums
                  | {freeze, Dex+4 SInv Stlth+} (You found it on level 11 of
                  | the Dungeon)
 14341 | D:12     | Noticed a cyclops
 14356 | D:12     | Killed a cyclops
 14357 | D:12     | Reached XP level 12. HP: 40/96 MP: 22/22
 14657 | D:12     | Noticed a centaur warrior
 14667 | D:12     | Killed a centaur warrior
 16015 | D:13     | Noticed a deep elf knight
 16015 | D:13     | Noticed a vault guard
 16037 | D:13     | Noticed a five-headed hydra
 16049 | D:13     | Killed a five-headed hydra
 16104 | D:13     | Reached skill level 10 in Fighting
 16104 | D:13     | Reached skill level 10 in Armour
 16104 | D:13     | Reached skill level 10 in Shields
 16119 | D:13     | Killed a deep elf knight
 16461 | D:13     | Noticed a centaur warrior
 16808 | D:13     | Noticed a vault guard
 17398 | D:13     | Killed a centaur warrior
 17399 | D:13     | Reached XP level 13. HP: 51/103 MP: 24/24
 18110 | D:14     | Found a frozen archway.
 18137 | IceCv    | Entered an ice cave
 19593 | IceCv    | Noticed a frost giant
 19607 | IceCv    | Killed a frost giant
 19714 | IceCv    | Got a brightly glowing granite ring
 19724 | IceCv    | Identified the cursed ring of Trepidation {Will++ EV-4
                  | Dex+4 Stlth+} (You found it in an ice cave)
 20102 | D:14     | Reached XP level 14. HP: 104/111 MP: 26/26
 20144 | D:14     | Found a hide-covered altar of Uskayaw.
 20144 | D:14     | Found a runed translucent gate.
 20144 | D:14     | Found a runed translucent gate.
 20145 | D:14     | Found a runed translucent gate.
 20147 | D:14     | Noticed vvl's ghost (journeyman HOBe)
 20463 | D:14     | Reached skill level 10 in Axes
 21212 | D:14     | Got an ivory scimitar
 21213 | D:14     | Identified the +1 scimitar "Noxohum" {drain, rF- Int+5}
                  | (You found it on level 14 of the Dungeon)
 21226 | D:15     | Entered Level 15 of the Dungeon
 21509 | D:8      | Killed Descartes's ghost
 22464 | D:15     | Noticed a fire giant
 22495 | D:15     | Killed a fire giant
 22603 | D:15     | Reached skill level 10 in Invocations
 23040 | D:15     | Found a staircase to the Depths.
 23052 | D:15     | Found a bloodstained altar of Trog.
 24359 | Orc:1    | Entered Level 1 of the Orcish Mines
 25080 | Orc:2    | Entered Level 2 of the Orcish Mines
 25438 | Orc:2    | Found a staircase to the Elven Halls.
 25478 | Orc:2    | Found Akag's Magic Scroll Boutique.
 25559 | Orc:2    | Found a shimmering blue altar of Sif Muna.
 27014 | Orc:1    | HP: 5/102 [orc high priest/divine providence (9)]
 27992 | Orc:2    | Reached XP level 15. HP: 68/119 MP: 28/28
 28578 | Orc:2    | Found Xavealo's Gadget Shoppe.
 28581 | Orc:2    | Found Mus Afos's Antique Armour Shoppe.
 28584 | Orc:2    | Found Tizazxadgh's Distillery.
 28585 | Orc:2    | Found Xoack's Book Shoppe.
 28593 | Orc:2    | Bought a pair of embroidered boots for 210 gold pieces
 28593 | Orc:2    | Bought a glowing cloak for 210 gold pieces
 29029 | Lair:1   | Entered Level 1 of the Lair of Beasts
 31048 | Lair:3   | Found a hole to the Spider Nest.
 31076 | Lair:3   | Reached skill level 10 in Short Blades
 31076 | Lair:3   | Reached skill level 10 in Long Blades
 31076 | Lair:3   | Reached skill level 10 in Maces & Flails
 31076 | Lair:3   | Reached skill level 10 in Polearms
 31076 | Lair:3   | Reached skill level 10 in Staves
 31076 | Lair:3   | Reached skill level 10 in Slings
 31076 | Lair:3   | Reached skill level 10 in Bows
 31076 | Lair:3   | Reached skill level 10 in Crossbows
 31076 | Lair:3   | Reached skill level 10 in Throwing
 31076 | Lair:3   | Reached skill level 10 in Dodging
 31076 | Lair:3   | Reached skill level 10 in Stealth
 31076 | Lair:3   | Reached skill level 10 in Unarmed Combat
 31076 | Lair:3   | Reached skill level 10 in Spellcasting
 31076 | Lair:3   | Reached skill level 10 in Evocations
 31418 | Lair:3   | Found a staircase to the Shoals.
 31728 | Lair:4   | Found a gate leading to a gauntlet.
 31732 | Gauntlet | Entered a Gauntlet
 31732 | Gauntlet | Found a transporter.
 31741 | Gauntlet | Found a transporter.
 31756 | Gauntlet | Found a transporter.
 31761 | Gauntlet | Found a transporter.
 31776 | Gauntlet | Found a transporter.
 31795 | Gauntlet | Found a transporter.
 31807 | Gauntlet | Found a transporter.
 31819 | Gauntlet | Found a transporter.
 31825 | Gauntlet | Found a transporter.
 31825 | Gauntlet | Found a transporter.
 31836 | Gauntlet | Found a large runed translucent door.
 31837 | Gauntlet | Found a large runed translucent door.
 31838 | Gauntlet | Found a large runed translucent door.
 31838 | Gauntlet | Found a large runed translucent door.
 31839 | Gauntlet | Found a runed translucent gate.
 31840 | Gauntlet | Found a transporter.
 31840 | Gauntlet | Found a runed translucent gate.
 31841 | Gauntlet | Found a runed translucent gate.
 31842 | Gauntlet | Found a large runed translucent door.
 31842 | Gauntlet | Found a large runed translucent door.
 31843 | Gauntlet | Found a large runed translucent door.
 31844 | Gauntlet | Found a large runed translucent door.
 31852 | Gauntlet | Found a transporter.
 31869 | Gauntlet | Found a transporter.
 31882 | Gauntlet | Found a large runed translucent door.
 31883 | Gauntlet | Found a large runed translucent door.
 31884 | Gauntlet | Found a large runed translucent door.
 31884 | Gauntlet | Found a large runed translucent door.
 31885 | Gauntlet | Found a runed translucent door.
 31886 | Gauntlet | Found a transporter.
 31887 | Gauntlet | Found a runed translucent door.
 31888 | Gauntlet | Found a large runed translucent door.
 31888 | Gauntlet | Found a transporter.
 31888 | Gauntlet | Found a large runed translucent door.
 31889 | Gauntlet | Found a large runed translucent door.
 31915 | Gauntlet | Found a transporter.
 32017 | Gauntlet | Found a transporter.
 32047 | Gauntlet | Found a large runed translucent door.
 32202 | Gauntlet | Found a transporter.
 32464 | Gauntlet | Got a bound jade amulet
 32475 | Gauntlet | Identified the amulet of Awifen {Inacc Str+6 Int-2} (You
                  | found it in a Gauntlet)
 33789 | Lair:5   | Found a viscous altar of Jiyva.
 33790 | Lair:5   | Found a staircase to the Slime Pits.
 33817 | Lair:5   | Found a dark tunnel.
 33822 | Volcano  | Entered a volcano
 34180 | Lair:5   | Noticed Kirke
 34198 | Lair:5   | Killed Kirke
 34199 | Lair:5   | Reached XP level 16. HP: 127/127 MP: 30/30
 35203 | Lair:6   | Entered Level 6 of the Lair of Beasts
 35337 | Lair:6   | Identified a scroll of acquirement
 35545 | Lair:6   | Found a stormy altar of Qazlal.
 37439 | Spider:1 | Entered Level 1 of the Spider Nest
 37847 | Spider:1 | Learned a level 2 spell: Passwall
 38133 | Spider:1 | Reached XP level 17. HP: 130/135 MP: 32/32
 38699 | Spider:2 | Noticed Arachne
 38968 | Spider:2 | Killed Arachne
 40923 | Spider:4 | Entered Level 4 of the Spider Nest
 41340 | Spider:4 | Reached skill level 10 in Conjurations
 41340 | Spider:4 | Reached skill level 10 in Hexes
 41340 | Spider:4 | Reached skill level 10 in Summonings
 41340 | Spider:4 | Reached skill level 10 in Necromancy
 41340 | Spider:4 | Reached skill level 10 in Translocations
 41340 | Spider:4 | Reached skill level 10 in Transmutations
 41340 | Spider:4 | Reached skill level 10 in Fire Magic
 41340 | Spider:4 | Reached skill level 10 in Ice Magic
 41340 | Spider:4 | Reached skill level 10 in Air Magic
 41340 | Spider:4 | Reached skill level 10 in Earth Magic
 41340 | Spider:4 | Reached skill level 10 in Poison Magic
 42933 | Spider:4 | Reached XP level 18. HP: 120/143 MP: 33/33
 43630 | Spider:4 | Got a gossamer rune of Zot
 44118 | Shoals:1 | Entered Level 1 of the Shoals
 44874 | Shoals:1 | HP: 6/216 [water elemental (14)]
 44875 | Shoals:1 | HP: 2/216 [drowned by a water elemental (4)]
 44875 | Shoals:1 | Slain by a water elemental

Illustrated notes

Levels and vault maps discovered:
D:1:      dpeg_arrival_line_fractal, layout_basic
D:2:      layout_basic, nicolae_ru_path_of_blood, uniq_robin
D:3:      layout_loops_corners
D:4:      layout_layer_cave, dancing_weapons_uskayaw, serial_shops, shop,
          minmay_joined_circles
D:5:      layout_basic, minmay_temple_entry_sparse_star,
          okawaru_metal_pillars_1_2, uniq_grinder, uniq_menkaure,
          uniq_crazy_yiuf_cottage
D:6:      layout_loops_cross, lemuel_doored_altar, serial_shops, shop
D:7:      layout_loops_ring, serial_shops, shop_fountains, uniq_duvessa
D:8:      layout_loops_corners, grunt_gozag_statues, serial_shops, shop_coins,
          special_room [special_room_orc], ebering_ghost_inner_flame,
          chequers_serial_rivers_room_b, vehumet_altar_wand_db
D:9:      layout_cave_pools, old_standard_altar, water_boxes_lemuel
D:10:     layout_roguey, uniq_maurice
D:11:     layout_long_grid, erik_lair_dragon, orc_david_3
D:12:     layout_loops_corners
D:13:     layout_long_grid, grunt_vaults_entry_fortified, serial_bayou,
          serial_bayou_pond_d, serial_bayou_lagoon_b, serial_bayou_pond_d,
          serial_bayou_lagoon_a
D:14:     minmay_goldmine, layout_long_grid, portal_ice_cave_demonic_guard,
          lemuel_crystal_altar, gammafunk_ghost_necromancy
D:15:     grunt_enter_depths_giant_problem, layout_layer_cave, basic_altar,
          serial_bayou_ford_a
Temple:   eino_narrow_crystal_temple
Lair:1:   layout_loops_ring, serial_bayou_pond_e, grunt_megastairs_3
Lair:2:   layout_gridlike, worms_lemuel
Lair:3:   layout_roguey, elwin_shoals_entry_rocks,
          nicolae_spider_entry_tight_spaces, disabler_island
Lair:4:   layout_regular_city, gauntlet_entry_generic
Lair:5:   layout_loops_ring, slime_altar_1, special_room
          [special_room_mythical_zoo], enter_volcano_4,
          nicolae_quartered_pool_little, wad_woods_road_06,
          infiniplex_staircase_pool_2, uniq_kirke
Lair:6:   grunt_lair_end_beastmaster, layout_hall_layers, basic_altar,
          special_room [special_room_bee], grunt_forest_small_clearings,
          serial_bayou_shore_a, serial_bayou_shore_b, grunt_megastairs_5
Shoals:1: layout_shoals
Spider:1: layout_spider_delve
Spider:2: layout_spider_delve, uniq_arachne
Spider:3: layout_chambers
Spider:4: grunt_spider_rune_parallel
Orc:1:    layout_diamond_mine
Orc:2:    st_orc_pillars, layout_caves, serial_shops, shop, led_sif_book

Skill      XL: |  1  2  3  4  5  6  7  8  9 10 11 12 13 14 15 16 17 18 |
---------------+-------------------------------------------------------+-----
Invocations    | 1 2 3 4 5 6 7 8 9 10 11 12 13 | 13.1
Short Blades   | 1 2 4 5 6 7 8 9 10 11 12 | 12.1
Long Blades    | 1 2 4 5 6 7 8 9 10 11 12 | 12.1
Maces & Flails | 1 2 4 5 6 7 8 9 10 11 12 | 12.1
Polearms       | 1 2 4 5 6 7 8 9 10 11 12 | 12.1
Staves         | 1 2 4 5 6 7 8 9 10 11 12 | 12.1
Slings         | 1 2 4 5 6 7 8 9 10 11 12 | 12.1
Bows           | 1 2 4 5 6 7 8 9 10 11 12 | 12.1
Crossbows      | 1 2 4 5 6 7 8 9 10 11 12 | 12.1
Throwing       | 1 2 4 5 6 7 8 9 10 11 12 | 12.1
Dodging        | 1 2 4 5 6 7 8 9 10 11 12 | 12.1
Stealth        | 1 2 4 5 6 7 8 9 10 11 12 | 12.1
Unarmed Combat | 1 2 4 5 6 7 8 9 10 11 12 | 12.1
Spellcasting   | 1 2 4 5 6 7 8 9 10 11 12 | 12.1
Evocations     | 1 2 4 5 6 7 8 9 10 11 12 | 12.1
Conjurations   | 1 2 3 4 5 6 7 8 9 10 | 10.4
Hexes          | 1 2 3 4 5 6 7 8 9 10 | 10.4
Summonings     | 1 2 3 4 5 6 7 8 9 10 | 10.4
Necromancy     | 1 2 3 4 5 6 7 8 9 10 | 10.4
Translocations | 1 2 3 4 5 6 7 8 9 10 | 10.4
Transmutations | 1 2 3 4 5 6 7 8 9 10 | 10.4
Fire Magic     | 1 2 3 4 5 6 7 8 9 10 | 10.4
Ice Magic      | 1 2 3 4 5 6 7 8 9 10 | 10.4
Air Magic      | 1 2 3 4 5 6 7 8 9 10 | 10.4
Earth Magic    | 1 2 3 4 5 6 7 8 9 10 | 10.4
Poison Magic   | 1 2 3 4 5 6 7 8 9 10 | 10.4
Axes           | 5 6 7 8 9 10 11 12 | 12.9
Fighting       | 7 8 9 10 11 12 13 | 13.5
Armour         | 7 8 9 10 11 12 13 | 13.5
Shields        | 7 8 9 10 11 12 13 | 13.5

Action                   |  1- 3 |  4- 6 |  7- 9 | 10-12 | 13-15 | 16-18 || total
-------------------------+-------+-------+-------+-------+-------+-------++-------
Melee: War axe           |    81 |   127 |   272 |   503 |       |       ||   983
       Bite              |     6 |    13 |    55 |   135 |   336 |   363 ||   908
       Trident           |       |       |       |   250 |  1720 |  1817 ||  3787
       Flail             |       |       |       |     5 |       |       ||     5
Throw: Javelin           |       |       |     5 |     7 |     3 |    50 ||    65
       Dart              |       |       |       |     4 |    22 |    54 ||    80
Invok: Vitalisation      |       |       |       |     4 |     6 |     8 ||    18
       Recite            |       |       |       |       |     2 |     1 ||     3
Evoke: Wand              |       |       |     3 |       |       |       ||     3
       Lightning rod     |       |       |       |     2 |     6 |     6 ||    14
  Use: Potion            |     1 |       |       |     1 |    14 |     9 ||    25
       Scroll            |       |       |    15 |    12 |    10 |     9 ||    46
 Stab: Fleeing           |       |       |       |     1 |       |       ||     1
       Sleeping          |       |       |       |     3 |    21 |     9 ||    33
       Distracted        |       |       |       |     1 |     8 |    11 ||    20
       Held in net/web   |       |       |       |       |       |     4 ||     4
Armor: Scale mail        |    30 |    36 |    68 |       |       |       ||   134
       Chain mail        |       |       |    24 |   157 |   151 |   720 ||  1052
       Plate armour      |       |       |       |   109 |   364 |   281 ||   754
Dodge: Dodged            |    22 |    40 |   123 |   431 |   558 |   965 ||  2139
Block: Kite shield       |    43 |    77 |   203 |   546 |   973 |  1528 ||  3370
